 Dungeon Crawl Stone Soup version 0.23.0 (webtiles) character file.

Game seed: 7016043932784251214

112 lapinsky the Skirmisher (level 4, -2/41 HPs)
             Began as a Hill Orc Fighter on Feb 18, 2019.
             Killed from afar by Crazy Yiuf (3 damage)
             ... with a wand of flame (12)
             ... on level 3 of the Dungeon.
             The game lasted 00:05:04 (2002 turns).

lapinsky the Skirmisher (Hill Orc Fighter)          Turns: 2002, Time: 00:05:05

Health: -2/41      AC:  6    Str: 18    XL:     4   Next: 95%
Magic:  2/4        EV: 25    Int:  8    God:
Gold:   82         SH:  9    Dex: 11    Spells: 3/3 levels left

rFire    + . .     SeeInvis .   a - +0 war axe
rCold    + . .     Gourm    .   c - +0 shield
rNeg     . . .     Faith    .   b - +0 scale mail
rPois    +         Spirit   .   (no helmet)
rElec    +         Reflect  .   (no cloak)
rCorr    +         Harm     .   (no gloves)
MR       +....                  (no boots)
Stlth    ..........             h - amulet of the acrobat
HPRegen  0.13/turn              e - +3 ring of evasion
MPRegen  0.09/turn              r - ring of protection from magic

@: lethally poisoned (-2 -> -17), resistant, acrobat, lightly drained
A: no striking features
a: no special abilities


You were on level 3 of the Dungeon.
You were not hungry.

You visited 1 branch of the dungeon, and saw 3 of its levels.

You collected 82 gold pieces.

Inventory:

Hand Weapons
 a - a +0 war axe (weapon)
Armour
 b - a +0 scale mail (worn)
 c - a +0 shield (worn)
 j - a +0 ring mail
Jewellery
 e - a +3 ring of evasion (left hand)
 h - an amulet of the acrobat (around neck)
 r - a ring of protection from magic (right hand)
Scrolls
 l - a scroll of remove curse {unknown}
 m - a scroll of enchant weapon {unknown}
Potions
 d - a potion of berserk rage {unknown}
 g - a potion of curing {unknown}
 i - 2 potions of flight {unknown}
 n - 2 potions of haste {unknown}
 o - a potion of ambrosia {unknown}
 p - a potion of heal wounds {unknown}
 q - a potion of resistance
Comestibles
 f - 2 rations


   Skills:
 * Level 4.4(4.0) Fighting
 + Level 4.2(3.9) Axes
 - Level 3.6(3.3) Armour
 + Level 0.8(0.5) Dodging
 - Level 4.1(3.8) Shields


You had 3 spell levels left.
You didn't know any spells.
Your spell library was empty.

Dungeon Overview and Level Annotations

Branches:
Dungeon (3/15)

Altars:
Okawaru

Annotations:
D:3 Crazy Yiuf


Message History

Crazy Yiuf zaps a wand.
The puff of flame hits you. You resist.
Crazy Yiuf cries, "Mugger forty-two ragdoll!"
Crazy Yiuf zaps a wand.
The puff of flame hits you. You resist.
You feel sick.
Crazy Yiuf hits you with a +3 quarterstaff of chaos.
* * * LOW HITPOINT WARNING * * *
There is a stone staircase leading down, spattered with blood here.
* * * LOW HITPOINT WARNING * * *
You feel sick.
Crazy Yiuf hits you with a +3 quarterstaff of chaos.
* * * LOW HITPOINT WARNING * * *
You climb downwards.
* * * LOW HITPOINT WARNING * * *
You feel sick.
There is a stone staircase leading up here.
* * * LOW HITPOINT WARNING * * *
You feel sick.
* * * LOW HITPOINT WARNING * * *
You feel sick.
Crazy Yiuf zaps a wand.
The puff of flame hits you. You resist.
You die...

#####.#
#g....#
#<# #.####
#@...#
#.....##.#
....#....
# ..
######


You could see Crazy Yiuf.

Vanquished Creatures
  Terence (D:2)
  An adder (D:2)
  2 worms (D:2)
  A dart slug (D:1)
  2 giant cockroaches
  4 goblins
  6 hobgoblins
  16 jackals
  9 kobolds
  2 quokkas (D:2)
  10 bats
  3 frilled lizards (D:1)
  4 rats
  2 fungi (D:2)
63 creatures vanquished.

Notes
Turn   | Place    | Note
-------+----------+-------------------------------------------
     0 | D:1      | lapinsky the Hill Orc Fighter began the quest for the Orb.
     0 | D:1      | Reached XP level 1. HP: 19/19 MP: 1/1
    47 | D:1      | Reached XP level 2. HP: 12/27 MP: 2/2
   378 | D:1      | Reached XP level 3. HP: 18/33 MP: 3/3
   904 | D:2      | Found an iron altar of Okawaru.
   929 | D:2      | Noticed Terence
   941 | D:2      | Killed Terence
   941 | D:2      | Reached XP level 4. HP: 27/40 MP: 4/4
  1804 | D:2      | Found a runed translucent door.
  1805 | D:2      | Noticed Crazy Yiuf
  1992 | D:2      | Paralysed by Crazy Yiuf for 5 turns
  2001 | D:3      | HP: 2/41 [poisoned by Crazy Yiuf]
  2002 | D:3      | Killed from afar by Crazy Yiuf

Skill      XL: |  1  2  3  4 |
---------------+-------------+-----
Fighting       | 4 |  4.4
Axes           | 3 4 |  4.2
Shields        | 4 |  4.1
Armour         | |  3.6
Dodging        | |  0.8

Action                   |  1- 3 |  4- 6 || total
-------------------------+-------+-------++-------
Melee: War axe           |   112 |   104 ||   216
  Use: Potion            |     1 |     1 ||     2
       Scroll            |       |     3 ||     3
  Eat: Chunk             |       |     3 ||     3
       Ration            |       |     1 ||     1
Armor: Scale mail        |    85 |    50 ||   135
Dodge: Dodged            |    37 |    30 ||    67
Block: Shield            |    76 |    65 ||   141
